 Dungeon Crawl Stone Soup version 0.26-a0-639-g72c4674329 (webtiles) character file.

Game seed: 15072895141692857597

378 tof the Chopper (level 6, -6/56 HPs)
             Began as a Minotaur Berserker on Sept 21, 2020.
             Was a Believer of Trog.
             Mangled by an orc warrior
             ... wielding a +0 hand axe
              (7 damage)
             ... on level 4 of the Dungeon.
             The game lasted 00:08:17 (4714 turns).

tof the Chopper (Minotaur Berserker)                Turns: 4714, Time: 00:08:17

Health: -6/56      AC:  7    Str: 23    XL:     6   Next: 45%
Magic:  5/5        EV: 12    Int:  4    God:    Trog [**....]
Gold:   159        SH:  0    Dex: 10    Spells: 5/5 levels left

rFire    . . .     SeeInvis .   a - +0 hand axe
rCold    . . .     Faith    .   (no shield)
rNeg     . . .     Spirit   .   i - +0 ring mail (curse)
rPois    .         Reflect  .   (helmet restricted)
rElec    .         Harm     .   n - +0 cloak
rCorr    .         Rampage  .   (no gloves)
MR       .....                  (no boots)
Stlth    ..........             (no amulet)
HPRegen  0.18/turn              (no ring)
MPRegen  0.09/turn              (no ring)

@: no status effects
A: retaliatory headbutt, horns 2
a: Berserk, Trog's Hand, Renounce Religion


You were on level 4 of the Dungeon.
You worshipped Trog.
Trog was pleased with you.
You visited 1 branch of the dungeon, and saw 4 of its levels.

You collected 159 gold pieces.

Inventory:

Hand Weapons
 a - a +0 hand axe (weapon)
 m - a +4 quarterstaff of chaos
Missiles
 h - 12 poisoned darts (quivered)
 j - 4 curare-tipped darts
Armour
 i - a cursed +0 ring mail (worn)
 n - a +0 cloak (worn)
Wands
 l - a wand of random effects (48)
Scrolls
 d - 4 scrolls of identify {unknown}
 e - a scroll of teleportation {unknown}
 f - 2 scrolls of remove curse {unknown}
 o - 2 scrolls of magic mapping {unknown}
 r - a scroll of amnesia {unknown}
 t - a scroll of blinking {unknown}
Potions
 b - a potion of haste {unknown}
 c - 3 potions of lignification {unknown}
 g - 2 potions of brilliance {unknown}
 k - a potion of degeneration {unknown}
 p - a potion of resistance {unknown}
 q - a potion of flight {unknown}
 s - a potion of curing {unknown}


   Skills:
 + Level 5.4 Fighting
 + Level 5.4 Axes
 + Level 4.5 Armour
 + Level 4.2 Dodging


You had 5 spell levels left.
You didn't know any spells.
Your spell library was empty.

Dungeon Overview and Level Annotations

Branches:
Dungeon (4/15)
 Temple: D:4-7

Altars:
Qazlal
Zin


Innate Abilities, Weirdness & Mutations

You reflexively headbutt those who attack you in melee.
You have a pair of horns on your head.


Message History

You kill the orc!
Trog accepts your kill.
The orc warrior hits you with a +0 hand axe!!
Things that are here:
a +0 club; a +0 chain mail; 6 gold pieces You hit the orc warrior but do no damage.
The orc warrior hits you with a +0 hand axe.
You closely miss the orc warrior. You headbutt the orc warrior!
The orc warrior is moderately wounded.
The orc warrior hits you with a +0 hand axe!
You barely miss the orc warrior.
The orc warrior is moderately wounded.
You hit the orc warrior.
The orc warrior is heavily wounded.
The orc warrior hits you with a +0 hand axe!!
* * * LOW HITPOINT WARNING * * *
You barely miss the orc warrior. You headbutt the orc warrior!
The orc warrior is almost dead.
The orc warrior hits you with a +0 hand axe!
You die...

.o...# #.... ..
#... #.# #..## ..
#..### #.## #...#
#..## #...## ..
#...# #....#
#..####...###@..##
#............o..#
##.#####..##....##
##..## ##..##....#
#....###..###....#
##...##.## #...##
##.......# #..##
##...##...# #..#
#...#####.# #..##


You could see an orc warrior.

Vanquished Creatures
  A howler monkey (D:4)
  An orc priest (D:4)
  Crazy Yiuf (D:2)
  Natasha (thrice) (D:2)
  2 worker ants (D:4)
  4 gnolls (D:2)
  2 adders (D:3)
  An ooze (D:3)
  2 worms (D:2)
  2 dart slugs (D:1)
  3 leopard geckos
  13 orcs
  6 bats
  2 giant cockroaches
  5 goblins (D:1)
  8 hobgoblins
  15 jackals
  4 kobolds
  2 quokkas (D:2)
  6 frilled lizards
  A rat (D:2)
84 creatures vanquished.

Notes
Turn   | Place    | Note
-------+----------+-------------------------------------------
     0 | D:1      | tof the Minotaur Berserker began the quest for the Orb.
     0 | D:1      | Reached XP level 1. HP: 19/19 MP: 0/0
   376 | D:1      | Reached XP level 2. HP: 27/27 MP: 1/1
   793 | D:1      | Reached XP level 3. HP: 32/33 MP: 2/2
  1083 | D:2      | Noticed an angel
  1084 | D:2      | Found a glowing silver altar of Zin.
  1584 | D:2      | Noticed Natasha
  1597 | D:2      | Killed Natasha
  1597 | D:2      | Reached XP level 4. HP: 18/41 MP: 3/3
  2423 | D:2      | Found a runed translucent door.
  2424 | D:2      | Noticed Crazy Yiuf
  2457 | D:2      | Noticed Natasha
  2465 | D:2      | Killed Natasha
  2553 | D:2      | Noticed Natasha
  2559 | D:2      | Killed Natasha
  2559 | D:2      | Reached XP level 5. HP: 32/47 MP: 4/4
  2734 | D:2      | Reached ** piety under Trog
  2849 | D:2      | Killed Crazy Yiuf
  3653 | D:3      | Reached skill level 5 in Fighting
  3669 | D:3      | Reached skill level 5 in Axes
  3795 | D:3      | Found a stormy altar of Qazlal.
  4076 | D:4      | Reached XP level 6. HP: 45/56 MP: 5/5
  4698 | D:4      | Noticed an orc warrior
  4713 | D:4      | HP: 1/56 [orc warrior/+0 hand axe (20)]
  4714 | D:4      | Mangled by an orc warrior

Illustrated notes

Levels and vault maps discovered:
D:1:      dpeg_arrival_rhombi, layout_loops_ring, chequers_serial_rivers_micro_d
D:2:      layout_basic, zin_angel, uniq_natasha, uniq_crazy_yiuf_cottage
D:3:      layout_loops_ring, nicolae_qazlal_general_emergency
D:4:      layout_layer_cave, chequers_serial_rivers_micro_c,
          grunt_ministairs_12, chequers_serial_rivers_micro_e,
          fedhas_bush_and_centaur_altar

Skill      XL: |  1  2  3  4  5  6 |
---------------+-------------------+-----
Axes           | 4 5 |  5.4
Fighting       | 4 5 |  5.4
Armour         | 3 4 |  4.5
Dodging        | 3 4 |  4.2

Action                   |  1- 3 |  4- 6 || total
-------------------------+-------+-------++-------
Melee: Hand axe          |    76 |   141 ||   217
       Headbutt          |    12 |    28 ||    40
Armor: Animal skin       |    11 |       ||    11
       Leather armour    |     8 |       ||     8
       Ring mail         |       |    49 ||    49
Dodge: Dodged            |    54 |    81 ||   135

Table legend: (Time is in decaauts)
 A = Elapsed time spent in this place.
 B = Non-inter-level travel time spent in this place.
 C = Inter-level travel time spent in this place.
 D = Time resting spent in this place.
 E = Time spent auto-exploring this place.
 F = Levels seen in this place.
 G = Mean time per level.
                   A        B        C        D        E       F      G
               +--------+--------+--------+--------+--------+-----+--------+
         Total |   4722 |   4635 |     87 |   1619 |   2318 |   4 | 1180.5 |
       Dungeon |   4722 |   4635 |     87 |   1619 |   2318 |   4 | 1180.5 |
               +--------+--------+--------+--------+--------+-----+--------+

Top non-repeatable levels by time:
     D:2: 1962 daAuts
     D:1: 1166 daAuts
     D:3: 830 daAuts
     D:4: 762 daAuts
